 Dungeon Crawl Stone Soup version 0.30-a0-595-g91969c0fa5 (webtiles) character file.

Game seed: 14223055047412115222

114 Leeroy the Ruffian (level 4, 0/35 HPs)
             Began as a Draconian Transmuter on Jan 6, 2023.
             Asphyxiated
             ... on level 4 of the Dungeon.
             The game lasted 00:04:01 (2695 turns).

Leeroy the Ruffian (Draconian Transmuter)           Turns: 2695, Time: 00:04:01

Health: 0/35       AC:  5    Str: 13    XL:     4   Next: 67%
Magic:  7/7        EV: 12    Int: 15    God:
Gold:   162        SH:  0    Dex: 11    Spells: 3/7 levels left

rFire   + . .      SeeInvis .      - Unarmed
rCold   x . .      Faith    .    (no shield)
rNeg    . . .      Spirit   .    (body armour unavailable)
rPois   .          Reflect  .    (helmet restricted)
rElec   .          Harm     .    (no cloak)
rCorr   .          Rampage  .    (no gloves)
Will    .....                    (no boots)
Stlth   +                        e - amulet of regeneration
HPRegen 1.05/turn                h - ring of wizardry
MPRegen 0.10/turn                i - ring of fire

@: lethally poisoned (0 -> -18), slowed, very slow
A: AC +5, unfitting armour, cold-blooded
a: no special abilities


You were on level 4 of the Dungeon.
You visited 1 branch of the dungeon, and saw 4 of its levels.

You collected 162 gold pieces.

Inventory:

Hand Weapons
 d - a +2 dagger of venom
 p - a +0 dagger of venom
Jewellery
 e - an amulet of regeneration (around neck)
 h - a ring of wizardry (left hand)
 i - a ring of fire (right hand)
Scrolls
 f - a scroll of teleportation {unknown}
 g - a scroll of torment {unknown}
 l - 2 scrolls of identify {unknown}
 m - 2 scrolls of immolation {unknown}
 n - a scroll of noise {unknown}
 o - a scroll of enchant armour {unknown}
Potions
 a - a potion of lignification
 b - 2 potions of degeneration {unknown}
 c - a potion of flight {unknown}
 j - 2 potions of curing {unknown}
 k - 2 potions of haste {unknown}


   Skills:
 - Level 1.1 Fighting
 - Level 1.7 Dodging
 + Level 5.2 Unarmed Combat
 - Level 2.0 Spellcasting
 * Level 2.4 Transmutations


You had 3 spell levels left.
You knew the following spells:

 Your Spells              Type           Power      Damage    Failure   Level
a - Beastly Appendage     Tmut           16%        N/A       3%          1
b - Spider Form           Tmut/Pois      5%         N/A       16%         3

Your spell library contained the following spells:

 Spells                   Type           Power      Damage    Failure   Level
 Wereblood                Tmut           8%         N/A       4%          2
 Kiss of Death            Conj/Necr      4%         2d5       9%          1
 Confusing Touch          Hex            1%         N/A       26%         3
 Ozocubu's Armour         Ice            1%         N/A       26%         3
 Ice Form                 Ice/Tmut       5%         N/A       45%         4
 Dispel Undead            Necr           1%         3d6       61%         4
 Metabolic Englaciation   Hex/Ice        0%         N/A       91%         5
 Simulacrum               Ice/Necr       0%         N/A       100%        6


Dungeon Overview and Level Annotations

Branches:
Dungeon (4/15)
 Temple: D:4-7

Altars:
Kikubaaqudgha
Sif Muna
Vehumet

Shops:
D:1 [   D:2 *


Innate Abilities, Weirdness & Mutations

Your plain brown scales are hard. (AC +5)
You cannot fit into any form of body armour.
You are cold-blooded and may be slowed by cold attacks.


Message History

The hobgoblin closely misses you. The kobold hits you but does no damage.
You barely miss the hobgoblin. Your headbutt misses the hobgoblin.
The hobgoblin closely misses you. The kobold hits you but does no damage.
You hit the hobgoblin.
You kill the hobgoblin!
The kobold hits you but does no damage.
You hit the kobold.
You kill the kobold!
Your transformation is almost over.
No target in view!
No target in view!
No target in view!
No target in view!
Your horns disappear.
Your talons disappear.
Magic restored.
Items here: )) ††.
A kobold brigand comes into view.
It is wielding a +1 dagger of venom and quivering curare-tipped darts.
The kobold brigand shouts!
You hear a shout!
A kobold comes into view. It is wielding a +0 club.
There are monsters nearby!
There are monsters nearby!
A kobold brigand comes into view.
It is wielding a +2 dagger of speed and quivering poisoned darts.
The kobold brigand throws a curare-tipped dart.
The curare-tipped dart hits you.
You are poisoned.
You have difficulty breathing.
You feel yourself slow down.
You feel extremely sick.
You feel very sick.
The kobold brigand throws a curare-tipped dart.
The curare-tipped dart misses you.
You feel very sick.
The kobold brigand throws a poisoned dart.
The poisoned dart hits you!
You are more poisoned.
You feel very sick.
The kobold brigand throws a curare-tipped dart.
The curare-tipped dart hits you.
You are lethally poisoned!
You have difficulty breathing.
You die...

#... ##### ### ... ..... ... ..#
####~~~### #.##### #.# ####
~~~~~~~~# #.#.(.# ..
###...######~~~≈≈~~ #.#.#.# #.
#.......K..###≈≈≈#####.#.#.####.
KK..###...K...#####.)...#.#...##.
. # ######....@).)))..#...#....
###..)..###.........##
#######...........#.
#.........###. #.........# #.
#........†###. #.............
#............. ########.....#


You could see 2 kobold brigands.

Vanquished Creatures
  An iguana (D:4)
  An adder (D:3)
  A white imp (D:3)
  A worm (D:2)
  3 dart slugs
  6 orcs
  4 bats
  An endoplasm (D:1)
  A giant cockroach (D:1)
  5 goblins
  5 hobgoblins
  5 quokkas
  5 ball pythons
  2 frilled lizards
  13 kobolds
  4 rats
58 creatures vanquished.

Vanquished Creatures (others)
  2 plants (D:4)
2 creatures vanquished.

Grand Total: 60 creatures vanquished

Notes
Turn   | Place    | Note
-------+----------+-------------------------------------------
     0 | D:1      | Leeroy the Draconian Transmuter began the quest for the
                  | Orb.
     0 | D:1      | Reached XP level 1. HP: 16/16 MP: 3/3
    42 | D:1      | Found Bedidgh's Armour Shoppe.
   212 | D:1      | Reached XP level 2. HP: 17/23 MP: 5/5
   455 | D:1      | Reached skill level 4 in Unarmed Combat
  1058 | D:2      | Found Atsao's General Store.
  1063 | D:2      | Reached XP level 3. HP: 27/28 MP: 6/6
  1142 | D:2      | Learned a level 3 spell: Spider Form
  1901 | D:3      | Reached XP level 4. HP: 35/35 MP: 7/7
  2043 | D:3      | Found an ancient bone altar of Kikubaaqudgha.
  2043 | D:3      | Found a shimmering blue altar of Sif Muna.
  2045 | D:3      | Found a radiant altar of Vehumet.
  2050 | D:3      | Got Sif Muna's Compilation of the Figure
  2275 | D:3      | Found a faded altar of an unknown god.
  2488 | D:4      | Reached skill level 5 in Unarmed Combat
  2685 | D:4      | Noticed a kobold brigand
  2686 | D:4      | Noticed a kobold brigand
  2695 | D:4      | Asphyxiated

Illustrated notes

Levels and vault maps discovered:
D:1:      dpeg_arrival_ternary, layout_basic, serial_shops,
          nicolae_shop_waterfront
D:2:      layout_basic, serial_shops, nicolae_shop_behind_doors,
          kennysheep_generic_room_8
D:3:      layout_basic, grunt_temple_overflow_magic_moments,
          hellmonk_ecumenical_altar_leap_of_faith
D:4:      cheibrodos_thug_alley, layout_basic,
          grunt_dithmenos_smoke_and_mirrors, gammafunk_ghost_nasty_kobolds,
          serial_bayou_lagoon_b

Skill      XL: |  1  2  3  4 |
---------------+-------------+-----
Unarmed Combat | 4 5 |  5.2
Fighting       | |  1.1
Dodging        | |  1.7
Spellcasting   | |  2.0
Transmutations | |  2.4

Action                   |  1- 3 |  4- 6 || total
-------------------------+-------+-------++-------
Melee: Unarmed           |   148 |    54 ||   202
       Tailslap          |    23 |     4 ||    27
       Punch             |     4 |     1 ||     5
       Kick              |     2 |       ||     2
       Headbutt          |     2 |       ||     2
 Cast: Beastly Appendage |     2 |     2 ||     4
       Spider Form       |       |     2 ||     2
  Use: Potion            |     1 |       ||     1
 Stab: Sleeping          |     1 |       ||     1
Armor: Skin              |    31 |    14 ||    45
Dodge: Dodged            |    88 |    40 ||   128

Table legend: (Time is in decaauts)
 A = Elapsed time spent in this place.
 B = Non-inter-level travel time spent in this place.
 C = Inter-level travel time spent in this place.
 D = Time resting spent in this place.
 E = Time spent auto-exploring this place.
 F = Levels seen in this place.
 G = Mean time per level.
                   A        B        C        D        E       F      G
               +--------+--------+--------+--------+--------+-----+--------+
         Total |   2679 |   2510 |    169 |    369 |   1668 |   4 |  669.8 |
       Dungeon |   2679 |   2510 |    169 |    369 |   1668 |   4 |  669.8 |
               +--------+--------+--------+--------+--------+-----+--------+

Top non-repeatable levels by time:
     D:1: 978 daAuts
     D:3: 848 daAuts
     D:2: 606 daAuts
     D:4: 246 daAuts
